 Dungeon Crawl Stone Soup version 0.23-a0-671-g42e8185 (webtiles) character file.

1220 Larett the Cleaver (level 8, -2/64 HPs)
             Began as a Minotaur Berserker on Jan 8, 2019.
             Was an Elder of Trog.
             Killed from afar by an orc wizard (3 damage)
             ... with a magic dart
             ... on level 6 of the Dungeon.
             The game lasted 00:19:17 (7284 turns).

Larett the Cleaver (Minotaur Berserker)             Turns: 7284, Time: 00:19:18

Health: -2/64      AC:  8    Str: 25    XL:     8   Next: 23%
Magic:  0/7        EV: 11    Int:  4    God:    Trog [****..]
Gold:   213        SH:  8    Dex: 14    Spells: 7/7 levels left

rFire    . . .     SeeInvis .   a - +0 hand axe
rCold    . . .     Gourm    .   D - +0 shield
rNeg     . . .     Faith    .   k - +1 ring mail
rPois    .         Spirit   +   (helmet restricted)
rElec    .         Reflect  .   (no cloak)
rCorr    .         Harm     .   (no gloves)
MR       .....                  P - +0 pair of boots
Stlth    +.........             Z - amulet of guardian spirit
HPRegen  0.20/turn              h - +3 ring of strength
MPRegen  0.10/turn              X - +2 ring of dexterity

@: no status effects
A: retaliatory headbutt, horns 2
a: Berserk, Trog's Hand, Brothers in Arms, Renounce Religion


You were on level 6 of the Dungeon.
You worshipped Trog.
Trog was greatly pleased with you.
You were not hungry.

You visited 1 branch of the dungeon, and saw 6 of its levels.

You collected 323 gold pieces.
You spent 110 gold pieces at shops.

Inventory:

Hand Weapons
 a - a +0 hand axe (weapon)
 W - a +2 dagger of venom
Missiles
 d - 186 stones (quivered)
 j - 9 sling bullets
 C - 68 bolts
 N - 37 arrows
 S - 16 javelins
 U - 15 poisoned needles
 V - 11 tomahawks
Armour
 k - a +1 ring mail (worn)
 D - a +0 shield (worn)
 P - a +0 pair of boots (worn)
Jewellery
 h - a +3 ring of strength (left hand)
 Q - a +3 ring of protection
 X - a +2 ring of dexterity (right hand)
 Z - an amulet of guardian spirit (around neck)
Wands
 Y - a wand of polymorph (6)
Scrolls
 B - a scroll of blinking
 R - 4 scrolls of identify
 T - 2 scrolls of teleportation
Potions
 m - a potion of flight
Comestibles
 c - 11 rations


   Skills:
 - Level 3.6 Fighting
 * Level 9.2 Axes
 + Level 6.3 Armour
 + Level 5.7 Dodging


You had 7 spell levels left.
You didn't know any spells.
Your spell library contained the following spells:

 Spells                   Type           Power        Failure   Level  Hunger
 Summon Small Mammal      Summ           #...         99%         1    ##.....
 Call Imp                 Summ           #.......     100%        2    ###....
 Call Canine Familiar     Summ           #.......     100%        3    ####...
 Summon Guardian Golem    Hex/Summ       #.......     100%        3    ####...
 Summon Ice Beast         Ice/Summ       #.......     100%        4    #####..
 Summon Lightning Spire   Summ/Air       #.......     100%        4    #####..


Dungeon Overview and Level Annotations

Branches:
Dungeon (6/15)
 Temple: D:4-7

Altars:
Ashenzari
Dithmenos
Nemelex Xobeh

Shops:
D:4 [   D:6 !

Annotations:
D:4 1 runed door


Innate Abilities, Weirdness & Mutations

You reflexively headbutt those who attack you in melee.
You have a pair of horns on your head.


Message History

The orc wizard casts a spell.
The orc wizard blinks!
You slash the orc warrior!
You kill the orc warrior!
Trog accepts your kill.
You miss the orc wizard.
You headbutt the orc wizard, but do no damage.
You hit something. Something hits you.
* * * LOW HITPOINT WARNING * * *
Something shocks you.
* * * LOW HITPOINT WARNING * * *
The orc wizard points at you and mumbles some strange words.
The magic dart hits you!
* * * LOW HITPOINT WARNING * * *
You closely miss something. Your headbutt misses something.
You hit the orc wizard but do no damage.
Something hits you but does no damage.
The orc wizard points at you and mumbles some strange words.
The magic dart hits you!
You die...

.......##.##....#.##..#...
.#
.......##.......#.##..#.###
# .......#....#.........#.#
########....#..#.####.#+#
#####.....#...# ...
#.........#.####.#.. ####
#.....###.#.#....# ...
#.[...# #.#...#### #.###
####### #.#.o@...# #..#.
#.##{###.# #.... #...o##
.##.. ##.∩. ####..##.....
##.... #....# #...#. #....#
#..#.# #.#..### #.##.#
...#....# #....#
#.#####Y#.# ######


You could see 2 orc wizards.

Vanquished Creatures
  A hungry ghost (D:6)
  The ghost of garrulousMonolith the Sneak, an amateur OpWz (D:4)
  An orc warrior (D:6)
  A sky beast (D:6)
  An ice beast (D:6)
  A centaur (D:5)
  A scorpion (D:5)
  A quasit (D:5)
  A crimson imp (D:5)
  A jelly (D:5)
  2 orc wizards (D:3)
  4 orc priests
  A hound (D:4)
  2 worker ants
  A hound skeleton (D:4)
  A river rat (D:4)
  7 adders
  A shadow imp (D:5)
  2 oozes
  An adder zombie (D:5)
  4 worms
  A dart slug (D:1)
  6 leopard geckos
  15 orcs
  10 giant cockroaches
  6 goblins
  11 hobgoblins
  3 jackals
  4 quokkas
  14 bats
  5 frilled lizards
  A jackal zombie (D:5)
  11 kobolds
  A leopard gecko skeleton (D:5)
  A quokka skeleton (D:5)
  7 rats
132 creatures vanquished.

Notes
Turn   | Place    | Note
-------+----------+-------------------------------------------
     0 | D:1      | Larett the Minotaur Berserker began the quest for the Orb.
     0 | D:1      | Reached XP level 1. HP: 19/19 MP: 0/0
   112 | D:1      | Reached skill level 4 in Axes
   145 | D:1      | Reached XP level 2. HP: 24/26 MP: 1/1
   514 | D:1      | Reached XP level 3. HP: 31/31 MP: 2/2
   722 | D:1      | Reached skill level 3 in Armour
   940 | D:2      | Reached ** piety under Trog
  1422 | D:2      | HP: 4/31 [poisoned by a kobold]
  1731 | D:2      | Reached skill level 3 in Dodging
  1756 | D:2      | Reached XP level 4. HP: 39/39 MP: 3/3
  1804 | D:2      | Reached skill level 5 in Axes
  1873 | D:2      | Found a sparkling altar of Nemelex Xobeh.
  2107 | D:3      | Reached XP level 5. HP: 37/45 MP: 4/4
  2222 | D:3      | Reached skill level 6 in Axes
  2763 | D:3      | Reached *** piety under Trog
  2955 | D:2      | Reached XP level 6. HP: 19/51 MP: 5/5
  3317 | D:3      | You fall through a shaft for 3 floors!
  3317 | D:6      | Found Ycienien's Distillery.
  3319 | D:6      | Bought a potion of degeneration for 10 gold pieces
  3319 | D:6      | Bought a potion of haste for 100 gold pieces
  3372 | D:6      | Noticed a sky beast
  3373 | D:6      | Noticed an orc warrior
  3379 | D:6      | Found a shadowy altar of Dithmenos.
  3461 | D:5      | Entered Level 5 of the Dungeon
  3787 | D:4      | Found Seoha's Antique Armour Boutique.
  3802 | D:4      | HP: 6/51 [orc priest/divine providence (9)]
  3809 | D:4      | HP: 6/51 [worker ant (1)]
  3813 | D:4      | HP: 2/51 [orc priest/divine providence (11)]
  4174 | D:3      | Found a shattered altar of Ashenzari.
  5040 | D:4      | Reached skill level 7 in Axes
  5157 | D:4      | Found a runed door.
  5161 | D:4      | Noticed garrulousMonolith's ghost (amateur OpWz)
  5185 | D:4      | Found a runed door.
  5235 | D:4      | HP: 5/51 [garrulousMonolith's ghost/magic dart (3)]
  5240 | D:4      | Killed garrulousMonolith's ghost
  5240 | D:4      | Reached XP level 7. HP: 17/57 MP: 2/6
  5245 | D:4      | HP: 8/57 [poisoned by garrulousMonolith's ghost]
  6033 | D:5      | Reached skill level 8 in Axes
  6045 | D:5      | HP: 8/57 [poisoned by an adder]
  6051 | D:5      | HP: 12/85 [poisoned by an adder]
  6055 | D:5      | Reached **** piety under Trog
  6060 | D:5      | HP: 8/57 [poisoned by an adder]
  6770 | D:6      | Noticed a hungry ghost
  6777 | D:6      | Killed a hungry ghost
  6793 | D:6      | Reached skill level 6 in Armour
  6793 | D:6      | Reached XP level 8. HP: 31/64 MP: 4/7
  6873 | D:6      | Reached skill level 9 in Axes
  7281 | D:6      | HP: 7/64 [orc warrior/+0 war axe (8)]
  7283 | D:6      | HP: 2/64 [something (4)]
  7284 | D:6      | Killed from afar by an orc wizard

Vault maps used:
D:1:      dpeg_arrival_windows_large_door, minmay_cupped
D:2:      lemuel_coloured_pillars_altar
D:3:      minmay_inner_zag, serial_park_tiny_2, evilmike_ruin_ashenzari
D:4:      serial_shops, nicolae_shop_overgrown_old_shop, ebering_ghost_sewer_f
D:5:      first_ration, gup_sewer_entry_pipe
D:6:      serial_shops, nicolae_shop_stone, grunt_dithmenos_smoke, uniq_edmund

Skill      XL: |  1  2  3  4  5  6  7  8 |
---------------+-------------------------+-----
Axes           | 4 5 6 7 8 9 |  9.2
Armour         | 3 4 5 6 |  6.3
Dodging        | 3 4 5 |  5.7
Fighting       | |  3.6

Action                   |  1- 3 |  4- 6 |  7- 9 || total
-------------------------+-------+-------+-------++-------
Melee: Hand axe          |    44 |       |    79 ||   123
       Headbutt          |     7 |    14 |    34 ||    55
       Hunting sling     |       |    50 |    61 ||   111
 Fire: Hunting sling     |    61 |   286 |    21 ||   368
Invok: Berserk           |       |     1 |       ||     1
       Trog's Hand       |       |     1 |       ||     1
Evoke: Wand              |       |     2 |       ||     2
  Use: Scroll            |     5 |     2 |     1 ||     8
       Potion            |     2 |    10 |     3 ||    15
 Stab: Sleeping          |     1 |       |       ||     1
  Eat: Chunk             |     3 |    10 |     6 ||    19
       Ration            |       |       |     1 ||     1
Armor: Animal skin       |     8 |       |       ||     8
       Ring mail         |    22 |    90 |    54 ||   166
Dodge: Dodged            |    47 |    98 |    59 ||   204
Block: Shield            |    15 |   116 |    81 ||   212

Table legend:
 A = Non-vault XP
 B = Vault XP
 C = Vault XP percentage of total XP
 D = Non-vault monster count
 E = Vault monster count
 F = Vault count percentage of total count
                 A         B        C        D         E       F
            +---------+---------+-------+---------+---------+-------
      Total |    1521 |     223 |  12.8 |     112 |      20 |  15.2
            +---------+---------+-------+---------+---------+-------
        D:1 |      39 |       9 |  18.8 |      23 |       2 |   8.0
        D:2 |     107 |       0 |   0.0 |      24 |       0 |   0.0
        D:3 |     254 |      12 |   4.5 |      35 |       7 |  16.7
        D:4 |     161 |     185 |  53.5 |      12 |       4 |  25.0
        D:5 |     399 |      17 |   4.1 |      14 |       7 |  33.3
        D:6 |     561 |       0 |   0.0 |       4 |       0 |   0.0
            +---------+---------+-------+---------+---------+-------
